Workbook
Name AccountNames: #REF!
Name ExpenditureAllocations: #REF!
Name IncomeAllocations: #REF!
Name StartPeriodBalance: #REF!

Sheet Summary
B1: Monthly Finance Current Totals
B3: ='I & E 26 to 27'!A3 -> Current Bank Balance | C3: ='I & E 26 to 27'!B3 -> 120754.64
B5: ='I & E 26 to 27'!A10 -> Ring Fenced CIL Balance | C5: ='I & E 26 to 27'!C10 -> 47767.55
B6: ='I & E 26 to 27'!A12 -> Cash available (General) | C6: ='I & E 26 to 27'!C12 -> 18987.09
B8: ='I & E 26 to 27'!A26 -> Total Receipts | C8: ='I & E 26 to 27'!C26 -> 28790.53
B9: ='I & E 26 to 27'!A99 -> Total CIL Payments | C9: ='I & E 26 to 27'!C99 -> 8773.6
B10: ='I & E 26 to 27'!A107 -> Total Payments excluding CIL | C10: ='I & E 26 to 27'!C107 -> 23398.23
B11: ='I & E 26 to 27'!A104 -> Total Payments inc CIL | C11: ='I & E 26 to 27'!C104 -> 32171.83

Sheet I & E 26 to 27
A2: Bank Balance B/F 31/03/2026 | B2: 126258.96
A3: Current Bank Balance | B3: ='Monthly Reconcilitation'!B16 -> 120754.64
C4: 2026/2027
A5: Reserve | C5: Actual | D5: Budget
A6: Ring Fenced Elections & Deposits | C6: 2000 | D6: 15000
A7: Ring Fenced Legal & Professional Costs | C7: 2000 | D7: 5000
A8: Ring Fenced IT / Defibrillators | C8: 0 | D8: 2000
A9: Reserve (12months x avg monthly spend) e.g. if Locum needed | C9: 50000
A10: Ring Fenced CIL Balance | C10: ='CIL Report'!I8 -> 47767.55 | D10: 56853.17
A11: Total Ring fenced | C11: =SUM(C6:C10) -> 101767.55 | D11: 78853.17
A12: Cash available (General) | C12: =B3-C11 -> 18987.09 | D12: =B2-D11 -> 47405.79
A14: RECEIPTS | C14: 2026/2027 | F14: 2025/2026 | H14: Comments
B15: Code | C15: Actual | D15: Budget | E15: YTD % | F15: Actual
A16: Allotment Income | B16: INC001 | C16: 280.54 | D16: 260 | E16: =IF(IFERROR(C16/D16,0)=0,0,C16/D16) -> 1.079 | F16: 210 | H16: =IF(I16=0,"","Over budget by") -> Over budget by | I16: =IF(IF((ISERROR(D16-C16<0))=TRUE,0,-(D16-C16))<0,0,IF((ISERROR(D16-C16<0))=TRUE,0,-(D16-C16))) -> 20.54
A17: Bank Interest | B17: INC002 | C17: 193.14 | D17: 500 | E17: =IF(IFERROR(C17/D17,0)=0,0,C17/D17) -> 0.38628 | F17: 680.35 | H17: =IF(I17=0,"","Over budget by") | I17: =IF(IF((ISERROR(D17-C17<0))=TRUE,0,-(D17-C17))<0,0,IF((ISERROR(D17-C17<0))=TRUE,0,-(D17-C17))) -> 0
A18: Burial ground Income | B18: INC003 | C18: 12040 | D18: 15000 | E18: =IF(IFERROR(C18/D18,0)=0,0,C18/D18) -> 0.80266667 | F18: 21680 | H18: =IF(I18=0,"","Over budget by") | I18: =IF(IF((ISERROR(D18-C18<0))=TRUE,0,-(D18-C18))<0,0,IF((ISERROR(D18-C18<0))=TRUE,0,-(D18-C18))) -> 0
A19: CIL Payments | B19: INC004 | C19: £- | D19: 0 | E19: =IF(IFERROR(C19/D19,0)=0,0,C19/D19) -> 0 | F19: 0 | H19: =IF(I19=0,"","Over budget by") | I19: =IF(IF((ISERROR(D19-C19<0))=TRUE,0,-(D19-C19))<0,0,IF((ISERROR(D19-C19<0))=TRUE,0,-(D19-C19))) -> 0
A20: Concurrent Service Payment | B20: INC005 | C20: 1214.5 | D20: 2429 | E20: =IF(IFERROR(C20/D20,0)=0,0,C20/D20) -> 0.5 | F20: 2429 | H20: =IF(I20=0,"","Over budget by") | I20: =IF(IF((ISERROR(D20-C20<0))=TRUE,0,-(D20-C20))<0,0,IF((ISERROR(D20-C20<0))=TRUE,0,-(D20-C20))) -> 0
A21: CT Support Scheme Payment | B21: INC006 | C21: 338 | D21: 676 | E21: =IF(IFERROR(C21/D21,0)=0,0,C21/D21) -> 0.5 | F21: 676 | H21: =IF(I21=0,"","Over budget by") | I21: =IF(IF((ISERROR(D21-C21<0))=TRUE,0,-(D21-C21))<0,0,IF((ISERROR(D21-C21<0))=TRUE,0,-(D21-C21))) -> 0
A22: Other Receipts | B22: INC007 | C22: £- | D22: 0 | E22: =IF(IFERROR(C22/D22,0)=0,0,C22/D22) -> 0 | F22: 90 | H22: =IF(I22=0,"","Over budget by") | I22: =IF(IF((ISERROR(D22-C22<0))=TRUE,0,-(D22-C22))<0,0,IF((ISERROR(D22-C22<0))=TRUE,0,-(D22-C22))) -> 0
A23: Precept | B23: INC008 | C23: 14724.35 | D23: 29448.69 | E23: =IF(IFERROR(C23/D23,0)=0,0,C23/D23) -> 0.50000017 | F23: 22652.84 | H23: =IF(I23=0,"","Over budget by") | I23: =IF(IF((ISERROR(D23-C23<0))=TRUE,0,-(D23-C23))<0,0,IF((ISERROR(D23-C23<0))=TRUE,0,-(D23-C23))) -> 0
A24: VAT Reclaim | B24: INC009 | C24: £- | D24: 4000 | E24: =IF(IFERROR(C24/D24,0)=0,0,C24/D24) -> 0 | F24: 4590.92 | H24: =IF(I24=0,"","Over budget by") | I24: =IF(IF((ISERROR(D24-C24<0))=TRUE,0,-(D24-C24))<0,0,IF((ISERROR(D24-C24<0))=TRUE,0,-(D24-C24))) -> 0
A25: Total excluding Precept | C25: =SUM(C16:C24)-C23 -> 14066.18 | D25: 22865 | E25: =IF(IFERROR(C25/D25,0)=0,0,C25/D25) -> 0.61518391 | F25: 30356.27 | H25: =IF(I25=0,"","Over budget by") | I25: =IF(IF((ISERROR(D25-C25<0))=TRUE,0,-(D25-C25))<0,0,IF((ISERROR(D25-C25<0))=TRUE,0,-(D25-C25))) -> 0
A26: Total Receipts | C26: =SUM(C16:C24) -> 28790.53 | D26: 52313.69 | E26: =IF(IFERROR(C26/D26,0)=0,0,C26/D26) -> 0.55034409 | F26: 53009.11 | H26: =IF(I26=0,"","Over budget by") | I26: =IF(IF((ISERROR(D26-C26<0))=TRUE,0,-(D26-C26))<0,0,IF((ISERROR(D26-C26<0))=TRUE,0,-(D26-C26))) -> 0
H27: =IF(I27=0,"","Over budget by")
A28: PAYMENTS | H28: =IF(I28=0,"","Over budget by")
A29: Clerk Running Costs | H29: =IF(I29=0,"","Over budget by")
A30: Clerks Salary | B30: CL000 | H30: =IF(I30=0,"","Over budget by") | I30: =IF(IF((ISERROR(D30-C30<0))=TRUE,0,-(D30-C30))<0,0,IF((ISERROR(D30-C30<0))=TRUE,0,-(D30-C30))) -> 0
A31: Employee's Tax | B31: CL014
A32: Employee's NI | B32: CL001 | K32: `
A33: Employers NI | B33: CL002 | H33: =IF(I33=0,"","Over budget by") | I33: =IF(IF((ISERROR(D33-C33<0))=TRUE,0,-(D33-C33))<0,0,IF((ISERROR(D33-C33<0))=TRUE,0,-(D33-C33))) -> 0
A34: Pension Employer | B34: PL001 | H34: =IF(I34=0,"","Over budget by") | I34: =IF(IF((ISERROR(D34-C34<0))=TRUE,0,-(D34-C34))<0,0,IF((ISERROR(D34-C34<0))=TRUE,0,-(D34-C34))) -> 0
A35: Pension Employee | B35: PL002
A36: Total Clerk Running Costs | C36: 11998.96 | D36: 25080.18 | E36: 0.478424 | F36: 19750.82 | H36: =IF(I36=0,"","Over budget by") | I36: =IF(IF((ISERROR(D36-C36<0))=TRUE,0,-(D36-C36))<0,0,IF((ISERROR(D36-C36<0))=TRUE,0,-(D36-C36))) -> 0
A38: General Council Running Costs
A39: Clerk Mileage | B39: CL007 | C39: 258.12 | D39: 1200 | E39: =IF(IFERROR(C39/D39,0)=0,0,C39/D39) -> 0.2151 | F39: 1194.3 | H39: =IF(I39=0,"","Over budget by") | I39: =IF(IF((ISERROR(D39-C39<0))=TRUE,0,-(D39-C39))<0,0,IF((ISERROR(D39-C39<0))=TRUE,0,-(D39-C39))) -> 0
A40: Payroll admin expenses (external supplier) | B40: CL011 | C40: 287 | D40: 200 | E40: =IF(IFERROR(C40/D40,0)=0,0,C40/D40) -> 1.435 | F40: 211 | H40: =IF(I40=0,"","Over budget by") -> Over budget by | I40: =IF(IF((ISERROR(D40-C40<0))=TRUE,0,-(D40-C40))<0,0,IF((ISERROR(D40-C40<0))=TRUE,0,-(D40-C40))) -> 87
A41: Office Expenses - Stationery | B41: CL009 | C41: 62.78 | D41: 200 | E41: =IF(IFERROR(C41/D41,0)=0,0,C41/D41) -> 0.3139 | F41: 163.24 | H41: =IF(I41=0,"","Over budget by") | I41: =IF(IF((ISERROR(D41-C41<0))=TRUE,0,-(D41-C41))<0,0,IF((ISERROR(D41-C41<0))=TRUE,0,-(D41-C41))) -> 0
A42: Office Expenses - Postage | B42: CL008 | C42: 10 | D42: 10 | E42: =IF(IFERROR(C42/D42,0)=0,0,C42/D42) -> 1 | F42: 6.8 | H42: =IF(I42=0,"","Over budget by") | I42: =IF(IF((ISERROR(D42-C42<0))=TRUE,0,-(D42-C42))<0,0,IF((ISERROR(D42-C42<0))=TRUE,0,-(D42-C42))) -> 0
A43: Office Expenses - webhosting & email | B43: CL012 | C43: 37.45 | D43: 0 | E43: =IF(IFERROR(C43/D43,0)=0,0,C43/D43) -> 0 | F43: 131.57 | H43: =IF(I43=0,"","Over budget by") -> Over budget by | I43: =IF(IF((ISERROR(D43-C43<0))=TRUE,0,-(D43-C43))<0,0,IF((ISERROR(D43-C43<0))=TRUE,0,-(D43-C43))) -> 37.45
A44: Clerk Mobile | B44: CL006 | C44: 33.35 | D44: 150 | E44: =IF(IFERROR(C44/D44,0)=0,0,C44/D44) -> 0.22233333 | F44: 79.36 | H44: =IF(I44=0,"","Over budget by") | I44: =IF(IF((ISERROR(D44-C44<0))=TRUE,0,-(D44-C44))<0,0,IF((ISERROR(D44-C44<0))=TRUE,0,-(D44-C44))) -> 0
A45: Office Expenses - Software | B45: WE003 | C45: £- | D45: 0 | E45: =IF(IFERROR(C45/D45,0)=0,0,C45/D45) -> 0 | F45: 35 | H45: =IF(I45=0,"","Over budget by") | I45: =IF(IF((ISERROR(D45-C45<0))=TRUE,0,-(D45-C45))<0,0,IF((ISERROR(D45-C45<0))=TRUE,0,-(D45-C45))) -> 0
A46: Office Expenses - IT Suppport (PC & Website) | B46: WE004 | C46: 70.83 | D46: 1000 | E46: =IF(IFERROR(C46/D46,0)=0,0,C46/D46) -> 0.07083 | F46: 408.14 | H46: =IF(I46=0,"","Over budget by") | I46: =IF(IF((ISERROR(D46-C46<0))=TRUE,0,-(D46-C46))<0,0,IF((ISERROR(D46-C46<0))=TRUE,0,-(D46-C46))) -> 0
A47: Training | B47: CL003 | C47: 245 | D47: 500 | E47: =IF(IFERROR(C47/D47,0)=0,0,C47/D47) -> 0.49 | F47: 255 | H47: =IF(I47=0,"","Over budget by") | I47: =IF(IF((ISERROR(D47-C47<0))=TRUE,0,-(D47-C47))<0,0,IF((ISERROR(D47-C47<0))=TRUE,0,-(D47-C47))) -> 0
A48: Audit | B48: CL004 | C48: 527.7 | D48: 750 | E48: =IF(IFERROR(C48/D48,0)=0,0,C48/D48) -> 0.7036 | F48: 724 | H48: =IF(I48=0,"","Over budget by") | I48: =IF(IF((ISERROR(D48-C48<0))=TRUE,0,-(D48-C48))<0,0,IF((ISERROR(D48-C48<0))=TRUE,0,-(D48-C48))) -> 0
A49: Bank Charges | B49: BA002 | C49: £- | D49: 150 | E49: =IF(IFERROR(C49/D49,0)=0,0,C49/D49) -> 0 | F49: 44 | H49: =IF(I49=0,"","Over budget by") | I49: =IF(IF((ISERROR(D49-C49<0))=TRUE,0,-(D49-C49))<0,0,IF((ISERROR(D49-C49<0))=TRUE,0,-(D49-C49))) -> 0
A50: Room Hire & Expenses | B50: CL005 | C50: 223 | D50: 600 | E50: =IF(IFERROR(C50/D50,0)=0,0,C50/D50) -> 0.37166667 | F50: 502.5 | H50: =IF(I50=0,"","Over budget by") | I50: =IF(IF((ISERROR(D50-C50<0))=TRUE,0,-(D50-C50))<0,0,IF((ISERROR(D50-C50<0))=TRUE,0,-(D50-C50))) -> 0
A51: Insurance | B51: BA001 | C51: 445.61 | D51: 500 | E51: =IF(IFERROR(C51/D51,0)=0,0,C51/D51) -> 0.89122 | F51: 333.09 | H51: =IF(I51=0,"","Over budget by") | I51: =IF(IF((ISERROR(D51-C51<0))=TRUE,0,-(D51-C51))<0,0,IF((ISERROR(D51-C51<0))=TRUE,0,-(D51-C51))) -> 0
A52: Total Council Running Costs Payments | C52: =SUM(C39:C51) -> 2200.84 | D52: 5260 | E52: =IF(IFERROR(C52/D52,0)=0,0,C52/D52) -> 0.41841065 | F52: 4088 | H52: =IF(I52=0,"","Over budget by") | I52: =IF(IF((ISERROR(D52-C52<0))=TRUE,0,-(D52-C52))<0,0,IF((ISERROR(D52-C52<0))=TRUE,0,-(D52-C52))) -> 0
A54: Revenue Expenditure
A55: Burial Ground & Allotments
A56: Grass | B56: BG001 | C56: 739 | D56: 3370 | E56: =IF(IFERROR(C56/D56,0)=0,0,C56/D56) -> 0.21928783 | F56: 2956 | H56: =IF(I56=0,"","Over budget by") | I56: =IF(IF((ISERROR(D56-C56<0))=TRUE,0,-(D56-C56))<0,0,IF((ISERROR(D56-C56<0))=TRUE,0,-(D56-C56))) -> 0
A57: Pruning | B57: BG002 | C57: 0 | D57: 400 | E57: =IF(IFERROR(C57/D57,0)=0,0,C57/D57) -> 0 | F57: 400 | H57: =IF(I57=0,"","Over budget by") | I57: =IF(IF((ISERROR(D57-C57<0))=TRUE,0,-(D57-C57))<0,0,IF((ISERROR(D57-C57<0))=TRUE,0,-(D57-C57))) -> 0
A58: Fencing / Boundaries | B58: BG005 | C58: 0 | D58: 400 | E58: =IF(IFERROR(C58/D58,0)=0,0,C58/D58) -> 0 | F58: 400 | H58: =IF(I58=0,"","Over budget by") | I58: =IF(IF((ISERROR(D58-C58<0))=TRUE,0,-(D58-C58))<0,0,IF((ISERROR(D58-C58<0))=TRUE,0,-(D58-C58))) -> 0
A59: Annual Path Clearing & Weedkilling | B59: BG004 | C59: 0 | D59: 300 | E59: =IF(IFERROR(C59/D59,0)=0,0,C59/D59) -> 0 | F59: 300 | H59: =IF(I59=0,"","Over budget by") | I59: =IF(IF((ISERROR(D59-C59<0))=TRUE,0,-(D59-C59))<0,0,IF((ISERROR(D59-C59<0))=TRUE,0,-(D59-C59))) -> 0
A60: General Maint | B60: BG003 | C60: 10.61 | D60: 1500 | E60: =IF(IFERROR(C60/D60,0)=0,0,C60/D60) -> 0.0070733333 | F60: 163.75 | H60: =IF(I60=0,"","Over budget by") | I60: =IF(IF((ISERROR(D60-C60<0))=TRUE,0,-(D60-C60))<0,0,IF((ISERROR(D60-C60<0))=TRUE,0,-(D60-C60))) -> 0
A61: Total Burial Ground & Allotments Payments | C61: =SUM(C56:C60) -> 749.61 | D61: 5970 | E61: =IF(IFERROR(C61/D61,0)=0,0,C61/D61) -> 0.12556281 | F61: 4219.75 | H61: =IF(I61=0,"","Over budget by") | I61: =IF(IF((ISERROR(D61-C61<0))=TRUE,0,-(D61-C61))<0,0,IF((ISERROR(D61-C61<0))=TRUE,0,-(D61-C61))) -> 0
H62: =IF(I62=0,"","Over budget by") | I62: =IF(IF((ISERROR(D62-C62<0))=TRUE,0,-(D62-C62))<0,0,IF((ISERROR(D62-C62<0))=TRUE,0,-(D62-C62))) -> 0
A63: Parish Amenities | H63: =IF(I63=0,"","Over budget by") | I63: =IF(IF((ISERROR(D63-C63<0))=TRUE,0,-(D63-C63))<0,0,IF((ISERROR(D63-C63<0))=TRUE,0,-(D63-C63))) -> 0
A64: Goulburn Green Grass | B64: GG001 | C64: 2116 | D64: 3050 | E64: =IF(IFERROR(C64/D64,0)=0,0,C64/D64) -> 0.69377049 | F64: 2754 | H64: =IF(I64=0,"","Over budget by") | I64: =IF(IF((ISERROR(D64-C64<0))=TRUE,0,-(D64-C64))<0,0,IF((ISERROR(D64-C64<0))=TRUE,0,-(D64-C64))) -> 0
A65: Goulburn Green Water | B65: GG002 | C65: 19.86 | D65: 50 | E65: =IF(IFERROR(C65/D65,0)=0,0,C65/D65) -> 0.3972 | F65: 39.38 | H65: =IF(I65=0,"","Over budget by") | I65: =IF(IF((ISERROR(D65-C65<0))=TRUE,0,-(D65-C65))<0,0,IF((ISERROR(D65-C65<0))=TRUE,0,-(D65-C65))) -> 0
A66: Pruning & Maint (Hedgerows/other) | B66: MA001 | C66: 0 | D66: 300 | E66: =IF(IFERROR(C66/D66,0)=0,0,C66/D66) -> 0 | F66: 137.63 | H66: =IF(I66=0,"","Over budget by") | I66: =IF(IF((ISERROR(D66-C66<0))=TRUE,0,-(D66-C66))<0,0,IF((ISERROR(D66-C66<0))=TRUE,0,-(D66-C66))) -> 0
A67: Footpath & Adhoc Maint | B67: MA002 | C67: 318.89 | D67: 1500 | E67: =IF(IFERROR(C67/D67,0)=0,0,C67/D67) -> 0.21259333 | F67: 1074.6 | H67: =IF(I67=0,"","Over budget by") | I67: =IF(IF((ISERROR(D67-C67<0))=TRUE,0,-(D67-C67))<0,0,IF((ISERROR(D67-C67<0))=TRUE,0,-(D67-C67))) -> 0
A68: Defib Maint | B68: MA005 | C68: 0 | D68: 150 | E68: =IF(IFERROR(C68/D68,0)=0,0,C68/D68) -> 0 | F68: 135 | H68: =IF(I68=0,"","Over budget by") | I68: =IF(IF((ISERROR(D68-C68<0))=TRUE,0,-(D68-C68))<0,0,IF((ISERROR(D68-C68<0))=TRUE,0,-(D68-C68))) -> 0
A69: Village Store / Bus Shelter / Planting Maint | B69: MA007 | C69: 0 | D69: 350 | E69: =IF(IFERROR(C69/D69,0)=0,0,C69/D69) -> 0 | F69: 180 | H69: =IF(I69=0,"","Over budget by") | I69: =IF(IF((ISERROR(D69-C69<0))=TRUE,0,-(D69-C69))<0,0,IF((ISERROR(D69-C69<0))=TRUE,0,-(D69-C69))) -> 0
A70: Tree Replacement | B70: MA006 | C70: 0 | E70: =IF(IFERROR(C70/D70,0)=0,0,C70/D70) -> 0 | H70: =IF(I70=0,"","Over budget by") | I70: =IF(IF((ISERROR(D70-C70<0))=TRUE,0,-(D70-C70))<0,0,IF((ISERROR(D70-C70<0))=TRUE,0,-(D70-C70))) -> 0
A71: Play Area Checks | B71: GG003 | C71: 0 | D71: 500 | E71: =IF(IFERROR(C71/D71,0)=0,0,C71/D71) -> 0 | F71: 180 | H71: =IF(I71=0,"","Over budget by") | I71: =IF(IF((ISERROR(D71-C71<0))=TRUE,0,-(D71-C71))<0,0,IF((ISERROR(D71-C71<0))=TRUE,0,-(D71-C71))) -> 0
A72: Total Parish Amenities Payments | C72: =SUM(C64:C71) -> 2454.75 | D72: 5900 | E72: =IF(IFERROR(C72/D72,0)=0,0,C72/D72) -> 0.41605932 | F72: 4500.61 | H72: =IF(I72=0,"","Over budget by") | I72: =IF(IF((ISERROR(D72-C72<0))=TRUE,0,-(D72-C72))<0,0,IF((ISERROR(D72-C72<0))=TRUE,0,-(D72-C72))) -> 0
A74: Discretionary
A75: Subscriptions General | B75: CL010 | C75: 110 | D75: 235 | E75: =IF(IFERROR(C75/D75,0)=0,0,C75/D75) -> 0.46808511 | F75: 192 | H75: =IF(I75=0,"","Over budget by") | I75: =IF(IF((ISERROR(D75-C75<0))=TRUE,0,-(D75-C75))<0,0,IF((ISERROR(D75-C75<0))=TRUE,0,-(D75-C75))) -> 0
A76: SALC & NALC | B76: CL013 | C76: 438.6 | D76: 438.61 | E76: =IF(IFERROR(C76/D76,0)=0,0,C76/D76) -> 0.9999772 | F76: 412.38 | H76: =IF(I76=0,"","Over budget by") | I76: =IF(IF((ISERROR(D76-C76<0))=TRUE,0,-(D76-C76))<0,0,IF((ISERROR(D76-C76<0))=TRUE,0,-(D76-C76))) -> 0
A77: Grit Provision | B77: MA004 | C77: 0 | E77: =IF(IFERROR(C77/D77,0)=0,0,C77/D77) -> 0 | F77: 0 | H77: =IF(I77=0,"","Over budget by") | I77: =IF(IF((ISERROR(D77-C77<0))=TRUE,0,-(D77-C77))<0,0,IF((ISERROR(D77-C77<0))=TRUE,0,-(D77-C77))) -> 0
A78: Grant Awards | B78: OT15 | C78: 4500 | D78: 5000 | E78: =IF(IFERROR(C78/D78,0)=0,0,C78/D78) -> 0.9 | F78: 5000 | H78: =IF(I78=0,"","Over budget by") | I78: =IF(IF((ISERROR(D78-C78<0))=TRUE,0,-(D78-C78))<0,0,IF((ISERROR(D78-C78<0))=TRUE,0,-(D78-C78))) -> 0
A79: Document Archiving | B79: OT21 | C79: 0 | E79: =IF(IFERROR(C79/D79,0)=0,0,C79/D79) -> 0 | F79: 0 | H79: =IF(I79=0,"","Over budget by") | I79: =IF(IF((ISERROR(D79-C79<0))=TRUE,0,-(D79-C79))<0,0,IF((ISERROR(D79-C79<0))=TRUE,0,-(D79-C79))) -> 0
A80: Speed Survey | B80: OT003 | C80: 0 | E80: =IF(IFERROR(C80/D80,0)=0,0,C80/D80) -> 0 | F80: 0 | H80: =IF(I80=0,"","Over budget by") | I80: =IF(IF((ISERROR(D80-C80<0))=TRUE,0,-(D80-C80))<0,0,IF((ISERROR(D80-C80<0))=TRUE,0,-(D80-C80))) -> 0
A81: Litter Pick Support | B81: OT003 | C81: 0 | D81: 150 | E81: =IF(IFERROR(C81/D81,0)=0,0,C81/D81) -> 0 | F81: 87.5 | H81: =IF(I81=0,"","Over budget by") | I81: =IF(IF((ISERROR(D81-C81<0))=TRUE,0,-(D81-C81))<0,0,IF((ISERROR(D81-C81<0))=TRUE,0,-(D81-C81))) -> 0
A82: Community Events | B82: CO001 | C82: 0 | D82: 500 | E82: =IF(IFERROR(C82/D82,0)=0,0,C82/D82) -> 0 | F82: 61 | H82: =IF(I82=0,"","Over budget by") | I82: =IF(IF((ISERROR(D82-C82<0))=TRUE,0,-(D82-C82))<0,0,IF((ISERROR(D82-C82<0))=TRUE,0,-(D82-C82))) -> 0
A83: Local support (s137) | B83: S137 | C83: 0 | D83: 200 | E83: =IF(IFERROR(C83/D83,0)=0,0,C83/D83) -> 0 | F83: 0 | H83: =IF(I83=0,"","Over budget by") | I83: =IF(IF((ISERROR(D83-C83<0))=TRUE,0,-(D83-C83))<0,0,IF((ISERROR(D83-C83<0))=TRUE,0,-(D83-C83))) -> 0
A84: Additional Training BG, Clerk, Playground | B84: AD250 | C84: 160 | D84: 450 | E84: =IF(IFERROR(C84/D84,0)=0,0,C84/D84) -> 0.35555556 | F84: 1231.5 | H84: =IF(I84=0,"","Over budget by") | I84: =IF(IF((ISERROR(D84-C84<0))=TRUE,0,-(D84-C84))<0,0,IF((ISERROR(D84-C84<0))=TRUE,0,-(D84-C84))) -> 0
A85: Website Upgrade | B85: OT004 | C85: 0 | E85: =IF(IFERROR(C85/D85,0)=0,0,C85/D85) -> 0 | H85: =IF(I85=0,"","Over budget by") | I85: =IF(IF((ISERROR(D85-C85<0))=TRUE,0,-(D85-C85))<0,0,IF((ISERROR(D85-C85<0))=TRUE,0,-(D85-C85))) -> 0
A86: Total Discretionary Payments | C86: =SUM(C75:C84) -> 5208.6 | D86: 6973.61 | E86: =IF(IFERROR(C86/D86,0)=0,0,C86/D86) -> 0.74690153 | F86: 6984.38 | H86: =IF(I86=0,"","Over budget by") | I86: =IF(IF((ISERROR(D86-C86<0))=TRUE,0,-(D86-C86))<0,0,IF((ISERROR(D86-C86<0))=TRUE,0,-(D86-C86))) -> 0
A88: Projects
A89: Facilities Improvements | B89: OT005 | C89: 171.51 | D89: 3000 | E89: =IF(IFERROR(C89/D89,0)=0,0,C89/D89) -> 0.05717 | F89: 0 | H89: =IF(I89=0,"","Over budget by") | I89: =IF(IF((ISERROR(D89-C89<0))=TRUE,0,-(D89-C89))<0,0,IF((ISERROR(D89-C89<0))=TRUE,0,-(D89-C89))) -> 0
A90: Burial Ground Expansion (Non-CIL) | B90: AD251 | C90: 613.96 | D90: 5000 | E90: =IF(IFERROR(C90/D90,0)=0,0,C90/D90) -> 0.122792 | F90: 0 | H90: =IF(I90=0,"","Over budget by") | I90: =IF(IF((ISERROR(D90-C90<0))=TRUE,0,-(D90-C90))<0,0,IF((ISERROR(D90-C90<0))=TRUE,0,-(D90-C90))) -> 0
A91: Total Projects Payments | C91: =SUM(C89:C90) -> 785.47 | D91: 8000 | E91: =IF(IFERROR(C91/D91,0)=0,0,C91/D91) -> 0.09818375 | F91: 0 | H91: =IF(I91=0,"","Over budget by") | I91: =IF(IF((ISERROR(D91-C91<0))=TRUE,0,-(D91-C91))<0,0,IF((ISERROR(D91-C91<0))=TRUE,0,-(D91-C91))) -> 0
A93: CIL
A94: Defibrillator Hamilton Room | B94: AD255 | C94: 0 | D94: 1500 | E94: =IF(IFERROR(C94/D94,0)=0,0,C94/D94) -> 0 | F94: 0 | H94: =IF(I94=0,"","Over budget by") | I94: =IF(IF((ISERROR(D94-C94<0))=TRUE,0,-(D94-C94))<0,0,IF((ISERROR(D94-C94<0))=TRUE,0,-(D94-C94))) -> 0
A95: Traffic Calming | B95: AD252 | C95: 0 | D95: 3000 | E95: =IF(IFERROR(C95/D95,0)=0,0,C95/D95) -> 0 | F95: 0 | H95: =IF(I95=0,"","Over budget by") | I95: =IF(IF((ISERROR(D95-C95<0))=TRUE,0,-(D95-C95))<0,0,IF((ISERROR(D95-C95<0))=TRUE,0,-(D95-C95))) -> 0
A96: Burial Ground Expansion (CIL) | B96: AD256 | C96: 3000 | D96: 3000 | E96: =IF(IFERROR(C96/D96,0)=0,0,C96/D96) -> 1 | F96: 0 | H96: =IF(I96=0,"","Over budget by") | I96: =IF(IF((ISERROR(D96-C96<0))=TRUE,0,-(D96-C96))<0,0,IF((ISERROR(D96-C96<0))=TRUE,0,-(D96-C96))) -> 0
A97: Scanner (Burial Ground Paperless) | B97: AD257 | C97: 0 | D97: 350 | E97: =IF(IFERROR(C97/D97,0)=0,0,C97/D97) -> 0 | F97: 0 | H97: =IF(I97=0,"","Over budget by") | I97: =IF(IF((ISERROR(D97-C97<0))=TRUE,0,-(D97-C97))<0,0,IF((ISERROR(D97-C97<0))=TRUE,0,-(D97-C97))) -> 0
A98: CIL Infrastructure Project | B98: AD258 | C98: =1362.1+4411.5 -> 5773.6 | D98: 30300 | E98: =IF(IFERROR(C98/D98,0)=0,0,C98/D98) -> 0.19054785 | F98: 0 | H98: =IF(I98=0,"","Over budget by") | I98: =IF(IF((ISERROR(D98-C98<0))=TRUE,0,-(D98-C98))<0,0,IF((ISERROR(D98-C98<0))=TRUE,0,-(D98-C98))) -> 0
A99: Total CIL Payments | C99: =SUM(C94:C98) -> 8773.6 | D99: 38150 | E99: =IF(IFERROR(C99/D99,0)=0,0,C99/D99) -> 0.22997641 | F99: 0 | H99: =IF(I99=0,"","Over budget by") | I99: =IF(IF((ISERROR(D99-C99<0))=TRUE,0,-(D99-C99))<0,0,IF((ISERROR(D99-C99<0))=TRUE,0,-(D99-C99))) -> 0
A102: VAT | C102: 0 | D102: 2000 | E102: =IF(IFERROR(C102/D102,0)=0,0,C102/D102) -> 0 | F102: 4463.06 | H102: =IF(I102=0,"","Over budget by") | I102: =IF(IF((ISERROR(D102-C102<0))=TRUE,0,-(D102-C102))<0,0,IF((ISERROR(D102-C102<0))=TRUE,0,-(D102-C102))) -> 0
A103: Total Receipts to date | C103: =C26 -> 28790.53 | D103: =D26 -> 52313.69 | E103: =IF(IFERROR(C103/D103,0)=0,0,C103/D103) -> 0.55034409 | F103: =F26 -> 53009.11 | H103: =IF(I103=0,"","Over budget by") | I103: =IF(IF((ISERROR(D103-C103<0))=TRUE,0,-(D103-C103))<0,0,IF((ISERROR(D103-C103<0))=TRUE,0,-(D103-C103))) -> 0
A104: Total Payments inc CIL | C104: =C99+C91+C86+C72+C61+C52+C36 -> 32171.83 | D104: 97333.79 | E104: =IF(IFERROR(C104/D104,0)=0,0,C104/D104) -> 0.33053095 | F104: 44006.62 | H104: =IF(I104=0,"","Over budget by") | I104: =IF(IF((ISERROR(D104-C104<0))=TRUE,0,-(D104-C104))<0,0,IF((ISERROR(D104-C104<0))=TRUE,0,-(D104-C104))) -> 0
A105: Total Payments Less Clerk Salary | C105: =C104-C36 -> 20172.87 | D105: 72253.61 | E105: =IF(IFERROR(C105/D105,0)=0,0,C105/D105) -> 0.27919532 | F105: 24255.8 | H105: =IF(I105=0,"","Over budget by") | I105: =IF(IF((ISERROR(D105-C105<0))=TRUE,0,-(D105-C105))<0,0,IF((ISERROR(D105-C105<0))=TRUE,0,-(D105-C105))) -> 0
A106: Receipts Less Payments | C106: =C26-C104 -> -3381.3 | D106: -45020.1 | E106: =IF(IFERROR(C106/D106,0)=0,0,C106/D106) -> 0.075106452 | F106: 9002.49
A107: Total Payments excluding CIL | C107: =C36+C52+C61+C72+C86+C91 -> 23398.23
A108: Receipts less Payments excluding CIL | C108: =C26-C107 -> 5392.3
A111: Burial Ground Breakdown
...

Sheet CIL Report
A1: CIL Report
E2: Pot | F2: CIL TOTAL | G2: Expiry Date | I2: Spend to date | J2: Left to Spend
B3: MUST SPEND POT A BY 30/3/27 | E3: A | F3: 45749.26 | G3: 46477 | I3: 34567.74 | J3: =F3-I3 -> 11181.52
B4: MUST SPEND POT B BY 30/3/27 | E4: B | F4: 15594.86 | G4: 46477 | I4: 0 | J4: =F4-I4 -> 15594.86
E5: C | F5: 16450.71 | G5: 47080 | I5: 0 | J5: =F5-I5 -> 16450.71
E6: D | F6: 4540.46 | G6: 47261 | I6: 0 | J6: =F6-I6 -> 4540.46
E7: TOTAL | F7: =SUM(F3:F6) -> 82335.29
E8: TOTAL LEFT TO SPEND | I8: =SUM(J3:J6) -> 47767.55
E9: TOTAL TO SPEND BY 30/3/27 | I9: =J3+J4 -> 26776.38

Sheet VAT Claim
A1: VAT Reclaim
A2: VAT for the period 01/04/2026 - 31/08/2026 Claimed on 11/09/2026 | F2: 2117.02

Sheet Monthly Reconcilitation
A1: MONTHLY RECONCILIATIONS
A3: August
B4: £ | E4: £
A5: Balance B/F | B5: 126351.27 | D5: Payments | E5: 6560.21
A6: Income | B6: 963.58 | D6: Bank balance from Accounts | E6: =B16 -> 120754.64
A9: Total | B9: =SUM(B5:B8) -> 127314.85 | D9: Total | E9: =SUM(E5:E8) -> 127314.85
D11: Total Accounts | E11: =SUM(B16) -> 120754.64
A12: HSBC Current Account | B12: 9046.57
A13: HSBC Reserve Account | B13: 52738.42 | D13: Difference | E13: =E9-B9 -> 0
A14: Unity Account | B14: 58969.65
B16: =SUM(B12:B15) -> 120754.64
D21: Total not presented | E21: =SUM(E12:E20) -> 0
D22: Accounts Total | E22: =E11-E21 -> 120754.64
D23: Balance C/F | E23: =SUM(E22:E22) -> 120754.64

Sheet Forecast
B2: 1. Current Balance | F2: 3. Future Projects
B3: The balance of Council funds is | C3: ='Monthly Reconcilitation'!B16 -> 120754.64 | F3: Project | G3: Estimate (£ ex VAT)
B4: Keeping reserve of | C4: ='I & E 26 to 27'!C9+'I & E 26 to 27'!C8+'I & E 26 to 27'!C7+'I & E 26 to 27'!C6 -> 54000 | F4: Tranquil Woods – Annual maintenance | G4: 4000
B5: Funds for CIL spend | C5: ='CIL Report'!I8 -> 47767.55 | F5: Tranquil Woods – year 1 | G5: 25000
B6: Funds for general spend. | C6: =C3-C4-C5 -> 18987.09 | F6: Tranquil Woods – year 2 | G6: TBC
F7: Village Plan | G7: 6000
F8: Burial Ground parking space | G8: 8000
B9: 2. Forecast March 27 position | F9: Allotment fencing | G9: 2000
F10: Defib at the Hamilton room | G10: 3000
B11: Item | C11: Total (ex VAT) | F11: School railings | G11: 2000
B12: Committed spend - CIL | C12: 10426 | F12: Flooding signs, depth marker posts and sensor bollard | G12: 10000
B13: Committed spend - Other | C13: 22005 | F13: Track resurfacing by Burial Ground | G13: 1000
B14: Training, maintenance, litterpick budget | C14: 1545 | F14: Arrow sign for the Burial Ground to help visitors find it | G14: 100
B15: Forecast income | C15: 3012 | F15: Tarmac coffin path patch updates | G15: 2000
B16: Total CIL leftover | C16: 37341 | F16: Village weather station | G16: 240
B17: Total cash leftover | C17: 9233 | F17: TOTAL excluding Woodland | G17: 34340
F18: TOTAL inc Woodland | G18: 29000
B19: If we go ahead with Tranquil Woods purchase and initial setup | C19: 38800
B20: Total CIL leftover | C20: £ -
B21: Total cash leftover | C21: 7775
B23: If we don’t go ahead with Tranquil Woods purchase and initial setup | C23: 1455
B24: Total CIL leftover | C24: 37341
B25: Total cash leftover | C25: 7778
